 Dungeon Crawl Stone Soup version 0.32-a0-613-g40f424ee2b (webtiles) character file.

Game seed: 13047422297438905602

169 Kenran the Poker (level 5, -3/30 HPs)
             Began as a Gargoyle Reaver on Mar 5, 2024.
             Incinerated by a bombardier beetle (5 damage)
             ... with a burning spray
             ... on level 3 of the Dungeon.
             The game lasted 00:04:16 (2314 turns).

Kenran the Poker (Gargoyle Reaver)                  Turns: 2314, Time: 00:04:17

Health: -3/30      AC: 12    Str: 18    XL:     5   Next: 50%
Magic:  8/8        EV:  9    Int: 13    God:
Gold:   83         SH:  0    Dex:  8    Spells: 7/8 levels left

rFire   . . .        a - +0 spear
rCold   . . .        (no shield)
rNeg    + . .        d - +0 scale mail
rPois   ∞            g - +0 helmet
rElec   +            (no cloak)
rCorr   .            (no gloves)
SInv    .            h - +0 pair of boots
Will    .....        (no amulet) Stlth
                     (no ring)
HPRegen 0.25/turn    (no ring)
MPRegen 0.11/turn

%: no passive effects
@: on fire, glowing
A: sickness immunity, AC +4, negative energy resistance 1, electricity
resistance, torment resistance 1, petrification resistance
a: no special abilities


You were on level 3 of the Dungeon.
You visited 1 branch of the dungeon, and saw 3 of its levels.

You collected 109 gold pieces.
You spent 26 gold pieces at shops.

Inventory:

Hand Weapons
 a - a +0 spear (weapon)
Armour
 d - a +0 scale mail (worn)
 g - a +0 helmet (worn)
 h - a +0 pair of boots (worn)
Jewellery
 j - a ring of ice
Scrolls
 e - 2 scrolls of teleportation
 k - a scroll of immolation {unknown}
 m - a scroll of vulnerability {unknown}
Potions
 b - 2 potions of might {unknown}
 c - 4 potions of curing {unknown}
 f - a potion of haste {unknown}
 i - 3 potions of degeneration {unknown}
 l - a potion of ambrosia {unknown}
 n - 2 potions of cancellation {unknown}


   Skills:
 - Level 2.1 Fighting
 + Level 5.5 Polearms
 - Level 1.5 Dodging
 - Level 2.0 Spellcasting
 - Level 3.2 Conjurations


You had 7 spell levels left.
You knew the following spells:

 Your Spells              Type           Power      Damage    Failure   Level
a - Kiss of Death         Conj/Necr      20%        2d7       41%         1

Your spell library contained the following spells:

 Spells                   Type           Power      Damage    Failure   Level
 Momentum Strike          Conj/Tloc      10%        3d8       56%         2
 Hailstorm                Conj/Ice       5%         3d5       80%         3


Dungeon Overview and Level Annotations

Branches:
Dungeon (3/15)

Altars:

Shops:
D:1 ?


Innate Abilities, Weirdness & Mutations

You are immune to sickness and miasma.
Your stone body is resilient. (AC +4)
You are immune to poison.
You resist negative energy. (rN+)
You are resistant to electric shocks. (rElec)
You are resistant to unholy torment.
You are immune to petrification.


Message History

The burning spray misses you.
You reach to attack!
You barely miss the bombardier beetle.
The bombardier beetle is severely wounded.
The liquid fire burns you!
You are too injured to fight recklessly!
You shake off some of the fire as you move.
The liquid fire burns you!
You shake off the liquid fire.
The bombardier beetle sprays incendiary fluid at you.
The burning spray hits you.
You are covered in liquid fire!
You shake off some of the fire as you move.
The liquid fire burns you!
You shake off the liquid fire.
The bombardier beetle sprays incendiary fluid at you.
The burning spray hits you.
You are covered in liquid fire!
You shake off some of the fire as you move.
The liquid fire burns you!
You shake off the liquid fire.
The bombardier beetle sprays incendiary fluid at you.
The burning spray hits you.
You are covered in liquid fire!
You shake off some of the fire as you move.
The liquid fire burns you!
* * * LOW HITPOINT WARNING * * *
The bombardier beetle closely misses you.
You shake off some of the fire as you move.
The liquid fire burns you!
* * * LOW HITPOINT WARNING * * *
You shake off the liquid fire.
The bombardier beetle sprays incendiary fluid at you.
The burning spray hits you.
You are covered in liquid fire!
You shake off some of the fire as you move.
The liquid fire burns you!
* * * LOW HITPOINT WARNING * * *
You shake off some of the fire as you move.
The liquid fire burns you!
You die...

#.#.#.# #.##.#
#.#...### #.##.#
#.#.#.).# #.##.#
#.#.#.#.# #.##.#
#.#.#.#.# #.##.#
#.#.#.#.#####.##B######
#.#.#.)..##.........#
#.#.......#.........#
#...####..#.@.......#
###.# #..#.........# #
##.#.##'###### #....#.#
#.#....#####
#.#.##.....#
#.#.##.###...# #.#.##.#
.# (...##.#


You could see a bombardier beetle.

Vanquished Creatures
  Jessica (D:3)
  Robin (D:2)
  5 adders
  2 ufetubi (D:3)
  A dart slug (D:2)
  A ribbon worm (D:2)
  An orc (D:3)
  7 ball pythons
  3 bats
  4 endoplasms
  3 giant cockroaches
  12 goblins
  7 hobgoblins
  11 kobolds
  2 quokkas
  7 frilled lizards
  2 rats
70 creatures vanquished.

Notes
Turn   | Place    | Note
-------+----------+-------------------------------------------
     0 | D:1      | Kenran the Gargoyle Reaver began the quest for the Orb.
     0 | D:1      | Reached XP level 1. HP: 12/12 MP: 3/3
    34 | D:1      | Reached skill level 3 in Polearms
    49 | D:1      | Reached XP level 2. HP: 13/17 MP: 5/5
   302 | D:1      | Found Meazolu's Magic Scroll Shoppe.
   364 | D:1      | Bought a scroll of identify for 26 gold pieces
   393 | D:1      | Reached XP level 3. HP: 20/21 MP: 6/6
   601 | D:2      | Reached skill level 4 in Polearms
   655 | D:2      | Noticed Robin
   756 | D:2      | Killed Robin
   757 | D:2      | Reached XP level 4. HP: 22/26 MP: 7/7
  1812 | D:3      | Reached skill level 5 in Polearms
  1831 | D:3      | Reached XP level 5. HP: 24/30 MP: 8/8
  2092 | D:3      | Noticed Jessica
  2113 | D:3      | Killed Jessica
  2314 | D:3      | Incinerated by a bombardier beetle

Illustrated notes

Levels and vault maps discovered:
D:1:      dpeg_arrival_tiny_c, layout_rooms, serial_shops, shop
D:2:      layout_basic, fountainhead, uniq_robin
D:3:      layout_basic, uniq_jessica

Skill      XL: |  1  2  3  4 |
---------------+-------------+-----
Polearms       | 3 4 5 |  5.5
Fighting       | |  2.1
Dodging        | |  1.5
Spellcasting   | |  2.0
Conjurations   | |  3.2

Action                     |  1- 3 |  4- 6 || total
---------------------------+-------+-------++-------
  Melee: Spear             |   159 |   207 ||   366
    Use: Scroll            |     1 |     1 ||     2
 Armour: Leather armour    |    15 |       ||    15
         Scale mail        |    74 |   140 ||   214
  Dodge: Dodged            |    55 |    92 ||   147

Table legend: (Time is in decaauts)
 A = Elapsed time spent in this place.
 B = Non-inter-level travel time spent in this place.
 C = Inter-level travel time spent in this place.
 D = Time resting spent in this place.
 E = Time spent auto-exploring this place.
 F = Levels seen in this place.
 G = Mean time per level.
                   A        B        C        D        E       F      G
               +--------+--------+--------+--------+--------+-----+--------+
         Total |   2271 |   2242 |     29 |    470 |   1098 |   3 |  757.0 |
       Dungeon |   2271 |   2242 |     29 |    470 |   1098 |   3 |  757.0 |
               +--------+--------+--------+--------+--------+-----+--------+

Top non-repeatable levels by time:
     D:2: 1236 daAuts
     D:1: 547 daAuts
     D:3: 487 daAuts
